Map: Nightscape LE

Players

TiTouYE

  • Race: Zerg Zerg
  • Spawn Location: 1:00

GuiDes

  • Race: Protoss Protoss
  • Spawn Location: 1:00

Massa - Winner!

  • Race: Terran Terran
  • League: Platinum
  • Spawn Location: 7:00

qqq - Winner!

  • Race: Zerg Zerg
  • League: Platinum
  • Spawn Location: 7:00

VOD

Have the link to the VOD?

Description

Time

  • Played on: Jan. 10, 2021, 7:59 a.m.
  • Length: 5:39
Show
View Real Time Build Order
Export as new Build Order

TiTouYE Zerg 

Build Orders: Hatch First 

Get SALT Encoding   

  12  0:00  Drone  
  13  0:13  Overlord  
  13  0:24  Drone  
  14  0:30  Overlord  
  14  0:31  Drone  
  15  0:37  Drone  
  16  0:56  Hatchery  
  15  1:15  Spawning Pool  
  14  1:19  Extractor  
  14  1:22  Drone  
  14  1:33  Drone x2  
  16  1:44  Drone  
  16  1:45  Drone  
  18  2:02  Zergling x2  
  18  2:04  Queen  
  21  2:11  Zergling x4  
  23  2:16  Queen  
  25  2:30  Zergling x8  
  29  2:42  Zergling x4  
  31  2:48  Overlord  
  31  3:06  Zergling x6  
  34  3:17  Zergling x2  
  34  3:18  Zergling x8  
  39  3:26  Baneling Nest  
  38  3:29  Extractor  
  38  3:30  Lair  
  37  3:40  Metabolic Boost  
  37  3:44  Overlord  
  37  3:59  Drone  
  37  4:00  Drone x2  
  37  4:01  Drone  
  27  4:22  Zergling x8  
  28  4:25  Zergling x2  
  29  4:32  Zergling x2  
  29  4:33  Zergling x2  
  31  4:42  Baneling  
  31  4:43  Baneling x3  
  31  4:50  Zergling x2  
  31  4:51  Zergling x2  
  27  5:16  Zergling x12  
  27  5:17  Zergling x2  
Show
View Real Time Build Order
Export as new Build Order

GuiDes Protoss 

Build Orders: Proxy Void Ray 

Get SALT Encoding   

  12  0:00  Probe (Chrono Boost)  
  13  0:17  Pylon  
  13  0:18  Probe (Chrono Boost)  
  14  0:24  Assimilator  
  14  0:38  Gateway  
  14  0:40  Probe  
  15  0:52  Probe, Assimilator  
  16  1:04  Probe (Chrono Boost)  
  17  1:15  Pylon  
  17  1:16  Probe (Chrono Boost)  
  18  1:22  Probe (Chrono Boost)  
  19  1:30  Cybernetics Core  
  19  1:37  Probe  
  20  1:49  Probe  
  21  2:12  Probe  
  22  2:22  Pylon  
  22  2:24  Probe (Chrono Boost)  
  23  2:36  Probe (Chrono Boost), Nexus  
  24  2:42  Probe (Chrono Boost)  
  25  2:46  Stargate  
  25  2:51  Stargate  
  25  3:01  Pylon  
  25  3:03  Probe  
  26  3:09  Assimilator  
  26  3:16  Probe  
  27  3:20  Void Ray (Chrono Boost)  
  31  3:36  Void Ray (Chrono Boost)  
  35  3:41  Shield Battery  
  35  3:50  Shield Battery  
  35  3:51  Shield Battery  
  24  5:22  Pylon  
  24  5:25  Pylon  
  24  5:28  Pylon  
Show
View Real Time Build Order
Export as new Build Order

Massa Terran - Winner!

Build Orders:  

Get SALT Encoding   

  12  0:03  SCV  
  13  0:15  SCV  
  14  0:24  Supply Depot  
  14  0:28  SCV  
  15  0:45  SCV  
  15  0:46  Refinery  
  15  0:48  Barracks  
  16  1:02  SCV  
  17  1:14  SCV  
  18  1:26  SCV  
  19  1:38  SCV  
  20  1:42  Barracks Tech Lab  
  20  1:44  Command Center  
  20  1:50  Orbital Command  
  20  1:56  Supply Depot  
  20  2:04  Marine  
  21  2:12  Barracks, Concussive Shells  
  21  2:18  SCV  
  22  2:30  Barracks  
  22  2:38  Supply Depot  
  22  2:40  SCV  
  22  2:41  Marauder  
  25  2:52  SCV  
  25  2:57  Stimpack  
  26  3:02  Marauder  
  26  3:04  Barracks Tech Lab  
  26  3:05  Supply Depot  
  28  3:07  SCV  
  28  3:09  SCV  
  30  3:19  Barracks Tech Lab  
  30  3:23  Marauder  
  30  3:24  Marauder  
  34  3:39  Marauder  
  36  3:45  Marauder x2  
  36  3:46  Refinery  
  36  3:47  Orbital Command  
  40  4:01  Marauder  
  42  4:05  Refinery  
  42  4:06  Marauder  
  44  4:10  Marauder  
  46  4:22  Marine  
  44  4:27  Marine  
  43  4:31  Marine  
  43  4:37  SCV x2  
  46  4:39  Marine  
  46  4:45  Marine  
  48  4:49  SCV x2, Marine  
  51  4:57  Marine  
  51  4:58  Engineering Bay  
  52  5:01  SCV  
  52  5:02  SCV, Marine  
  54  5:07  Marine  
  54  5:14  SCV  
  52  5:15  Marine  
  52  5:20  Marine  
  52  5:22  SCV  
  52  5:26  SCV  
  52  5:27  Missile Turret  
  55  5:30  Missile Turret  
  55  5:34  Command Center  
Show
View Real Time Build Order
Export as new Build Order

qqq Zerg - Winner!

Build Orders: Hatch First 

Get SALT Encoding   

  12  0:01  Drone  
  13  0:10  Drone  
  14  0:18  Overlord  
  14  0:48  Hatchery  
  13  1:00  Drone  
  13  1:01  Drone x2  
  16  1:18  Drone  
  18  1:25  Drone  
  18  1:28  Spawning Pool  
  18  1:31  Extractor  
  16  1:38  Drone  
  17  1:45  Drone  
  18  1:56  Drone  
  19  2:12  Drone  
  19  2:15  Queen  
  20  2:16  Drone, Queen  
  20  2:17  Drone, Overlord  
  26  2:34  Extractor, Zergling x2  
  26  2:35  Metabolic Boost  
  26  2:37  Drone x2  
  26  2:41  Zergling x2  
  30  2:44  Drone  
  30  2:51  Baneling Nest  
  29  2:55  Zergling x2  
  29  2:57  Drone  
  31  3:01  Overlord  
  31  3:06  Zergling x2  
  31  3:12  Zergling x2  
  33  3:18  Zergling x2  
  34  3:27  Zergling x8  
  34  3:29  Zergling x6  
  41  3:39  Zergling x4  
  43  3:42  Baneling x3  
  43  3:43  Baneling x2  
  43  3:46  Zergling x2  
  44  3:48  Baneling  
  44  3:50  Overlord  
  44  3:52  Overlord  
  41  4:14  Queen  
  41  4:25  Queen  
  41  4:32  Zergling x2  
  41  4:33  Zergling x10  
  41  4:34  Zergling x2  
  41  4:35  Zergling x4  
  49  4:40  Spore Crawler  
  46  4:52  Spore Crawler  
  46  4:53  Spore Crawler  
  41  5:15  Zergling x4  
  41  5:16  Zergling x4  
  41  5:17  Drone x3  
Tags
 
Add a new tag
Caveats
  • Supply blocks, unpowered buildings, or Contaminate may cause inaccurate times.
  • Supply counts are checked every 10 seconds.